 Dungeon Crawl Stone Soup version 0.24-a0-335-g06ca16a (webtiles) character file.

Game seed: 7950821462110140346

1446 Borgoz the Slasher (level 8, -2/69 HPs)
             Began as a Hill Orc Gladiator on May 19, 2019.
             Was an Initiate of Ashenzari.
             Killed from afar by an orc wizard (6 damage)
             ... with a puff of flame
             ... on level 7 of the Dungeon.
             The game lasted 00:09:18 (6789 turns).

Borgoz the Slasher (Hill Orc Gladiator)             Turns: 6789, Time: 00:09:19

Health: -2/69      AC:  9    Str: 17    XL:     8   Next: 75%
Magic:  8/8        EV:  7    Int: 13    God:    Ashenzari [......]
Gold:   318        SH:  0    Dex: 16    Spells: 7/7 levels left

rFire    . . .     SeeInvis .   a - +0 long sword
rCold    . . .     Gourm    .   (no shield)
rNeg     . . .     Faith    .   q - +0 plate armour
rPois    +         Spirit   .   c - +0 helmet
rElec    .         Reflect  .   y - scarf {cloud immunity}
rCorr    .         Harm     .   (no gloves)
MR       .....                  E - +0 pair of boots
Stlth    ..........             (no amulet)
HPRegen  0.21/turn              u - +2 ring of dexterity
MPRegen  0.11/turn              C - ring of poison resistance

@: brilliant, flying
A: deformed body
a: Curse Item, Renounce Religion


You were on level 7 of the Dungeon.
You worshipped Ashenzari.
Ashenzari was noncommittal.
You were not hungry.

You visited 2 branches of the dungeon, and saw 8 of its levels.

You collected 318 gold pieces.

Inventory:

Hand Weapons
 a - a +0 long sword (weapon)
 b - a +1 dagger of venom
Armour
 c - a +0 helmet (worn)
 q - a +0 plate armour (worn)
 y - a scarf of cloud immunity (worn)
 E - a +0 pair of boots (worn)
Jewellery
 i - an uncursed ring of wizardry
 j - an uncursed ring of positive energy
 u - a +2 ring of dexterity (left hand)
 C - a ring of poison resistance (right hand)
Wands
 l - a wand of enslavement (4)
 t - a wand of scattershot (7)
 v - a wand of random effects (21)
 A - a wand of acid (9)
Scrolls
 e - 4 scrolls of remove curse
 g - a scroll of blinking {unknown}
 h - 3 scrolls of enchant weapon {unknown}
 k - 3 scrolls of magic mapping {unknown}
 m - 2 scrolls of enchant armour {unknown}
 o - 3 scrolls of teleportation {unknown}
 r - a scroll of fear {unknown}
 s - 2 scrolls of identify {unknown}
 w - 2 scrolls of fog {unknown}
 x - a scroll of summoning {unknown}
Potions
 n - 2 potions of resistance
Comestibles
 f - 10 rations
 D - 2 chunks of flesh


   Skills:
 + Level 5.6 Fighting
 * Level 7.5 Long Blades
 - Level 1.7 Throwing
 + Level 4.2 Armour
 * Level 5.6 Dodging


You had 7 spell levels left.
You didn't know any spells.
Your spell library contained the following spells:

 Spells                   Type           Power        Failure   Level  Hunger
 Magic Dart               Conj           #...         73%         1    ##.....
 Blink                    Tloc           N/A          83%         2    ###....
 Call Imp                 Summ           #.......     83%         2    ###....
 Slow                     Hex            #.......     83%         2    ###....
 Conjure Flame            Conj/Fire      #.......     95%         3    ####...
 Mephitic Cloud           Conj/Pois/Air  #.......     95%         3    ####...
 Irradiate                Conj/Tmut      #.........   100%        5    ######.
 Hydra Form               Tmut           #.........   100%        6    #######
 Statue Form              Tmut/Erth      #........    100%        6    #######
 Dragon Form              Tmut           #.........   100%        7    #######


Dungeon Overview and Level Annotations

Branches:
Dungeon (7/15)             Temple (1/1) D:5

Altars:
Ashenzari
Cheibriados
Dithmenos
Elyvilon
Fedhas
Gozag
Hepliaklqana
Kikubaaqudgha
Makhleb
Nemelex Xobeh
Okawaru
Qazlal
Ru
Sif Muna
Trog
Uskayaw
Vehumet
Wu Jian
Xom
Yredelemnul
Zin
The Shining One


Innate Abilities, Weirdness & Mutations

Armour fits poorly on your strangely shaped body.


Message History

You hit the orc warrior but do no damage.
The orc warrior is severely wounded.
The orc warrior struggles against the net.
The net rips apart, and the orc warrior comes free!
You closely miss the orc warrior.
The orc warrior is severely wounded.
The orc warrior hits you with a +0 halberd.
* * * LOW HITPOINT WARNING * * *
You barely miss the orc warrior.
The orc warrior is severely wounded.
The orc warrior hits you but does no damage.
You slash the orc warrior!
The orc warrior is almost dead.
The orc warrior hits you with a +0 halberd!
* * * LOW HITPOINT WARNING * * *
Okay, then.
Okay, then.
A puff of flame appears from out of thin air!
The puff of flame hits you.
You die...

.. #. #.######
#......# #......#
#......#############
#......'...........#
###...@..###########.#
##### #...o....# #.##
#...# #........#
######..# #...#
#........# #....##.#
##...####........#
#.)..##..
#..o{..o.......###
#....###.
###o############
#<.......
#.#.#.###.....
#....###.
....o{o.......
+........


You could see an orc warrior and an orc.

Vanquished Creatures
  Eustachio (D:5)
  Menkaure (D:5)
  Duvessa (D:5)
  An orc warrior (D:6)
  An ogre (D:6)
  A centaur (D:5)
  Blork the orc (D:5)
  Dowan (D:5)
  A scorpion (D:4)
  2 crimson imps (D:6)
  A centaur zombie (D:2)
  3 hounds
  2 jellies (D:5)
  3 orc wizards
  5 worker ants
  A hound zombie (D:6)
  A worker ant zombie (D:2)
  A howler monkey zombie (D:6)
  4 gnolls (D:4)
  4 adders
  A shadow imp (D:5)
  An ooze (D:1)
  A worm (D:2)
  4 dart slugs
  2 leopard geckos
  13 orcs
  2 giant cockroaches
  8 goblins
  5 hobgoblins
  11 jackals
  5 quokkas
  A ball python (D:5)
  8 bats
  5 frilled lizards
  3 kobolds (D:1)
  7 rats
113 creatures vanquished.

Notes
Turn   | Place    | Note
-------+----------+-------------------------------------------
     0 | D:1      | Borgoz the Hill Orc Gladiator began the quest for the Orb.
     0 | D:1      | Reached XP level 1. HP: 18/18 MP: 1/1
    97 | D:1      | Reached XP level 2. HP: 20/25 MP: 2/2
   387 | D:1      | Reached XP level 3. HP: 27/30 MP: 3/3
   659 | D:1      | Reached skill level 1 in Armour
  1197 | D:2      | Reached skill level 4 in Long Blades
  1552 | D:2      | Reached XP level 4. HP: 36/38 MP: 4/4
  1897 | D:2      | Reached XP level 5. HP: 45/45 MP: 5/5
  2776 | D:4      | Reached XP level 6. HP: 38/52 MP: 6/6
  2877 | D:4      | Reached skill level 5 in Long Blades
  3780 | D:5      | Entered Level 5 of the Dungeon
  3780 | D:5      | Noticed Menkaure
  3792 | D:5      | Killed Menkaure
  3792 | D:5      | Reached XP level 7. HP: 29/59 MP: 7/7
  3979 | D:5      | Noticed Eustachio
  4024 | D:5      | Killed Eustachio
  4024 | D:5      | Reached skill level 6 in Long Blades
  4351 | D:5      | Found a staircase to the Ecumenical Temple.
  4368 | D:5      | Noticed Duvessa
  4369 | D:5      | Noticed Dowan
  4388 | D:5      | Killed Duvessa
  4409 | D:5      | Killed Dowan
  4409 | D:5      | Reached XP level 8. HP: 11/67 MP: 8/8
  4433 | Temple   | Entered the Ecumenical Temple
  4723 | Temple   | Became a worshipper of Ashenzari the Shackled
  5000 | D:5      | Reached skill level 5 in Dodging
  5065 | D:5      | Found a white marble altar of Elyvilon.
  5089 | D:5      | Reached skill level 5 in Fighting
  5102 | D:5      | Noticed Blork the orc
  5113 | D:5      | Killed Blork the orc
  5550 | D:6      | Reached skill level 7 in Long Blades
  6769 | D:7      | Gained mutation: Scrolls take you a little longer to read.
                  | [potion of mutation]
  6769 | D:7      | Gained mutation: Armour fits poorly on your strangely
                  | shaped body. [potion of mutation]
  6769 | D:7      | Lost mutation: Scrolls take you a little longer to read.
                  | [potion of mutation]
  6778 | D:7      | HP: 2/69 [orc warrior/+0 halberd (16)]
  6789 | D:7      | Killed from afar by an orc wizard

Levels and vault maps discovered:
D:1:      kennysheep_arrival_forest, layout_loops_corners, minmay_pentomino_s4
D:2:      layout_basic, minmay_misc_feat_tower
D:3:      layout_loops_cross
D:4:      layout_cave_pods, first_ration
D:5:      wander_river, layout_loops_corners, kennysheep_little_box,
          minmay_temple_entry_ruins, uniq_eustachio, uniq_menkaure,
          uniq_blork_the_orc, uniq_duvessa
D:6:      layout_basic
D:7:      layout_basic, grunt_livestock
Temple:   kilobyte_greek_temple

Skill      XL: |  1  2  3  4  5  6  7  8 |
---------------+-------------------------+-----
Armour         | 1 2 3 4 |  4.2
Fighting       | 3 4 5 |  5.6
Dodging        | 3 4 5 |  5.6
Long Blades    | 4 5 6 7 |  7.5
Throwing       | |  1.7

Action                   |  1- 3 |  4- 6 |  7- 9 || total
-------------------------+-------+-------+-------++-------
Melee: Long sword        |   115 |   142 |   281 ||   538
       Dagger            |     3 |       |       ||     3
Throw: Throwing net      |       |     1 |     6 ||     7
  Use: Potion            |     2 |     1 |     9 ||    12
 Stab: Sleeping          |     1 |       |       ||     1
       Held in net/web   |       |       |     3 ||     3
  Eat: Chunk             |     2 |     6 |     8 ||    16
       Ration            |       |       |     1 ||     1
Armor: Leather armour    |    19 |       |       ||    19
       Scale mail        |    32 |    39 |       ||    71
       Plate armour      |       |    47 |   199 ||   246
       Skin              |       |       |   120 ||   120
Dodge: Dodged            |    88 |    83 |   109 ||   280
       Rpst.: Long sword |    30 |    26 |    34 ||    90

Table legend:
 A = Non-vault XP
 B = Vault XP
 C = Vault XP percentage of total XP
 D = Non-vault monster count
 E = Vault monster count
 F = Vault count percentage of total count
                 A         B        C        D         E       F
            +---------+---------+-------+---------+---------+-------
      Total |    1377 |     689 |  33.3 |     104 |       9 |   8.0
            +---------+---------+-------+---------+---------+-------
        D:1 |      48 |       7 |  12.7 |      26 |       4 |  13.3
        D:2 |     111 |       0 |   0.0 |      19 |       0 |   0.0
        D:3 |      84 |       0 |   0.0 |      12 |       0 |   0.0
        D:4 |     268 |       0 |   0.0 |      12 |       0 |   0.0
        D:5 |     330 |     682 |  67.4 |      14 |       5 |  26.3
        D:6 |     533 |       0 |   0.0 |      20 |       0 |   0.0
        D:7 |       3 |       0 |   0.0 |       1 |       0 |   0.0
            +---------+---------+-------+---------+---------+-------
